 Dungeon Crawl Stone Soup version 0.32-a0-921-g04a7ad8e02 (webtiles) character file.

Game seed: 5972407979658352647

816172 JaaP the Conqueror (level 27, 0/490 HPs)
             Began as a Minotaur Monk on Apr 10, 2024.
             Was a High Priest of the Shining One.
             Slain by a bone dragon (5 damage)
             ... called by a doom hound
             ... on level 2 of Tartarus on Apr 11, 2024.
             The game lasted 03:49:53 (74692 turns).

JaaP the Conqueror (Minotaur Monk)                 Turns: 74692, Time: 03:49:54

Health: 0/490      AC: 34    Str: 29 (33) XL:     27
Magic:  39/45      EV:  2    Int:  5 (9)  God:    the Shining One [*****.]
Gold:   6099       SH: 34    Dex: 20      Spells: 26/26 levels left

rFire   + . .        w - +9 broad axe (holy)
rCold   + + .        y - +4 tower shield of Duhiagig {rElec rN+ Regen+ Dex+3}
rNeg    + + +        r - melded +8 gold dragon scales
rPois   +            (helmet unavailable)
rElec   +            e - melded +2 cloak {Stlth+}
rCorr   .            d - melded +0 pair of gloves of the Spider Nest {rElec rN+ Regen+}
SInv    .            h - melded +2 pair of boots "Veifram" {rN+ Will+ rCorr}
Will    +....        i - amulet of Fesiamas {Reflect ^Drain Regen+ Int+2 SH+5}
Stlth   +            E - ring of Seobaekk {rF++ rC+ rN+}
HPRegen 2.61/turn    f - ring "Ficvon" {Ice rPois MP+9 Str+5 Dex+2}
MPRegen 0.29/turn

%: reflection
@: tree-form, glowing, studying Necromancy, weak-willed
A: stationary, stasis, torment immunity, boosted hp, (horns 3), (retaliatory
headbutt), (hooves 1), robust 2, (teleportitis 2)
}: 7/15 runes: decaying, slimy, silver, obsidian, icy, abyssal, gossamer
a: Renounce Religion, Divine Shield, Cleansing Flame, Summon Divine Warrior


You were on level 2 of Tartarus.
You worshipped the Shining One.
The Shining One was extremely pleased with you.
You were a tree.
You visited 15 branches of the dungeon, and saw 71 of its levels.
You visited the Abyss 3 times.
You visited 2 bazaars.
You also visited: Bailey and Wizlab.

You collected 10577 gold pieces.
You spent 4478 gold pieces at shops.

Inventory:

Hand Weapons
 w - a +9 broad axe of holy wrath (weapon)
 L - the +7 quarterstaff "Ynnih" {flame, ^Contam rC+++ Str+7 Stlth-}
   (You found it in a wizard's laboratory)

   Str+7:     It affects your strength (+7).
   rC+++:     It renders you almost immune to cold.
   ^Contam:   It causes magical contamination when unequipped.
   Stlth-:    It makes you less stealthy.
 R - a +9 broad axe of flaming
Missiles
 x - 56 poisoned darts (quivered)
 I - 4 silver javelins
 T - 16 boomerangs
Armour
 d - the +0 pair of gloves of the Spider Nest (melded) {rElec rN+ Regen+}
   (You bought it in a shop on level 1 of the Orcish Mines)

   rElec:     It insulates you from electricity.
   rN+:       It protects you from negative energy.
   Regen+:    It increases your rate of health regeneration.
 e - a +2 cloak of stealth (melded)
 h - the +2 pair of boots "Veifram" (melded) {rN+ Will+ rCorr}
   (You found it on level 2 of the Depths)

   rN+:       It protects you from negative energy.
   Will+:     It increases your willpower.
   rCorr:     It protects you from acid and corrosion.
 r - +8 gold dragon scales (melded)
 y - the +4 tower shield of Duhiagig (worn) {rElec rN+ Regen+ Dex+3}
   (You acquired it in a bailey)

   Dex+3:     It affects your dexterity (+3).
   rElec:     It insulates you from electricity.
   rN+:       It protects you from negative energy.
   Regen+:    It increases your rate of health regeneration.
 z - the +15 Maxwell's patent armour {-Cast -Tele rElec Will+ rCorr}
   (You found it in a wizard's laboratory)

   rElec:     It insulates you from electricity.
   Will+:     It increases your willpower.
   -Cast:     It prevents spellcasting.
   -Tele:     It prevents most forms of teleportation.
   rCorr:     It protects you from acid and corrosion.
 G - the +6 plate armour of the Dropbear {Regen+ Str+6 Stlth-}
   (You bought it in a shop on level 4 of the Depths)

   Str+6:     It affects your strength (+6).
   Regen+:    It increases your rate of health regeneration.
   Stlth-:    It makes you less stealthy.
 K - a +2 hat
Jewellery
 f - the ring "Ficvon" (right branch) {Ice rPois MP+9 Str+5 Dex+2}
   (You took it off Josephina on level 2 of the Depths)

   [ring of ice]

   Ice:       It enhances your ice magic.
   Str+5:     It affects your strength (+5).
   Dex+2:     It affects your dexterity (+2).
   rF-:       It makes you vulnerable to fire.
   rC+:       It protects you from cold.
   rPois:     It protects you from poison.
   MP+9:      It affects your magic capacity (+9).
 i - the amulet of Fesiamas (around neck) {Reflect ^Drain Regen+ Int+2 SH+5}
   (You bought it in a shop in a bazaar)

   [amulet of reflection]

   Reflect:   It reflects blocked missile attacks.
   Int+2:     It affects your intelligence (+2).
   Regen+:    It increases your rate of health regeneration.
   ^Drain:    It drains your maximum health when unequipped.
   SH+5:      It affects your SH (+5).
 j - a ring of magical power
 q - a +4 ring of slaying
 B - a +6 ring of strength
 E - the ring of Seobaekk (left branch) {rF++ rC+ rN+}
   (You bought it in a shop in a bazaar)

   [ring of protection from cold]

   rF++:      It greatly protects you from fire.
   rC+:       It protects you from cold.
   rN+:       It protects you from negative energy.
 O - the ring "Loutediz" {Fly rPois EV+5}
   (You found it on level 3 of the Lair of Beasts)

   [ring of evasion]

   EV+5:      It affects your evasion (+5).
   rPois:     It protects you from poison.
   Fly:       It grants you flight.
 X - a ring of willpower
Wands
 A - a wand of light (55)
 D - a wand of polymorph (53)
 H - a wand of flame (178)
 M - a wand of paralysis (57)
 N - a wand of warping (74)
 P - a wand of mindburst (21)
 Y - a wand of digging (13)
Scrolls
 m - 3 scrolls of enchant weapon
 p - a scroll of noise
 v - 8 scrolls of revelation
 F - 6 scrolls of summoning
 J - 2 scrolls of fog
 Q - 8 scrolls of blinking
 U - 12 scrolls of teleportation
 W - 4 scrolls of silence
Potions
 a - 3 potions of mutation
 b - 17 potions of curing
 c - 9 potions of ambrosia
 g - 10 potions of heal wounds
 k - 8 potions of haste
 l - 8 potions of might
 n - 2 potions of berserk rage
 o - 14 potions of enlightenment
 t - 8 potions of lignification
 u - 5 potions of resistance
 S - 10 potions of cancellation
Miscellaneous
 s - a lightning rod (4/4)
 V - a phantom mirror
 Z - a condenser vane


   Skills:
 O Level 27 Fighting
 + Level 26.1 Axes
 + Level 19.9 Throwing
 + Level 25.2 Armour
 + Level 15.1 Dodging
 + Level 25.1 Shields
 + Level 21.3 Invocations
 + Level 18.0 Evocations


You had 26 spell levels left.
You didn't know any spells.
Your spell library contained the following spells:

 Spells                   Type           Power      Damage    Failure   Level
 Apportation              Tloc           0%         N/A       52%         1
 Foxfire                  Conj/Fire      0%         2x1d4     52%         1
 Freeze                   Ice            0%         1d3       52%         1
 Kiss of Death            Conj/Necr      0%         2d5       52%         1
 Magic Dart               Conj           0%         1d3       52%         1
 Necrotise                Necr           0%         1d4       52%         1
 Sandblast                Erth           0%         2d4       52%         1
 Shock                    Conj/Air       0%         1d3       52%         1
 Slow                     Hex            0%         N/A       52%         1
 Sting                    Conj/Alch      0%         1d3       52%         1
 Summon Small Mammal      Summ           0%         N/A       52%         1
 Blink                    Tloc           0%         N/A       65%         2
 Call Imp                 Summ           0%         N/A       65%         2
 Cigotuvi's Dreadful Rot  Necr/Alch/Air  0%         N/A       65%         2
 Ensorcelled Hibernation  Hex/Ice        0%         N/A       65%         2
 Jinxbite                 Hex            0%         N/A       65%         2
 Lesser Beckoning         Tloc           0%         N/A       65%         2
 Momentum Strike          Conj/Tloc      0%         3d8       65%         2
 Scorch                   Fire           0%         2d5       65%         2
 Static Discharge         Conj/Air       0%         3-3/arc   65%         2
 Sublimation of Blood     Necr           0%         N/A       65%         2
 Call Canine Familiar     Summ           0%         N/A       87%         3
 Confusing Touch          Hex            0%         N/A       87%         3
 Frozen Ramparts          Ice            0%         1d1       87%         3
 Fugue of the Fallen      Necr           0%         N/A       87%         3
 Hailstorm                Conj/Ice       0%         3d5       87%         3
 Inner Flame              Hex/Fire       0%         N/A       87%         3
 Maxwell's Portable Pile  Tloc           0%         2d(5-13)  87%         3
 Ozocubu's Armour         Ice            0%         N/A       87%         3
 Stone Arrow              Conj/Erth      0%         3d7       87%         3
 Summon Ice Beast         Ice/Summ       0%         N/A       87%         3
 Swiftness                Air            0%         N/A       87%         3
 Teleport Other           Tloc           0%         N/A       87%         3
 Tukima's Dance           Hex            0%         N/A       87%         3
 Volatile Blastmotes      Fire/Tloc      0%         2d10      87%         3
 Airstrike                Air            0%         2d(0-16)  99%         4
 Anguish                  Hex/Necr       0%         N/A       99%         4
 Brom's Barrelling Bould  Conj/Erth      0%         2d3       99%         4
 Dimensional Bullseye     Hex/Tloc       0%         N/A       99%         4
 Dispel Undead            Necr           0%         3d6       99%         4
 Flame Wave               Conj/Fire      0%         2d4       99%         4
 Fulminant Prism          Conj/Alch      0%         3d5       99%         4
 Ignite Poison            Fire/Alch      0%         N/A       99%         4
 Iskenderun's Mystic Bla Conj/Tloc 0%             2d3        (+2d1     99%         4
 Martyr's Knell           Necr/Summ      0%         N/A       99%         4
 Passage of Golubria      Tloc           0%         N/A       99%         4
 Sticky Flame             Fire/Alch      0%         2d4       99%         4
 Summon Lightning Spire   Summ/Air       0%         N/A       99%         4
 Alistair's Intoxication  Alch           0%         N/A       100%        5
 Arcjolt                  Conj/Air       0%         1d10      100%        5
 Fireball                 Conj/Fire      0%         3d3       100%        5
 Freezing Cloud           Conj/Ice/Air   0%         6-21      100%        5
 Irradiate                Conj/Alch      0%         3d11      100%        5
 Metabolic Englaciation   Hex/Ice        0%         N/A       100%        5
 Silence                  Hex/Air        0%         N/A       100%        5
 Summon Forest            Summ/Tloc      0%         N/A       100%        5
 Summon Mana Viper        Hex/Summ       0%         N/A       100%        5
 Yara's Violent Unravell  Hex/Alch       0%         3d3       100%        5
 Dispersal                Tloc           0%         N/A       100%        6
 Eringya's Noxious Bog    Alch           0%         4d6       100%        6
 Gell's Gavotte           Tloc           0%         2d(11-16) 100%        6
 Plasma Beam              Fire/Air       0%         2x1d10    100%        6
 Starburst                Conj/Fire      0%         6d3       100%        6
 Summon Cactus Giant      Summ           0%         N/A       100%        6
 Enfeeble                 Hex            0%         N/A       100%        7
 Monstrous Menagerie      Summ           0%         N/A       100%        7
 Summon Hydra             Summ           0%         N/A       100%        7
 Ignition                 Fire           0%         3d3       100%        8
 Infestation              Necr           0%         N/A       100%        8
 Lehudib's Crystal Spear  Conj/Erth      0%         10d2      100%        8
 Maxwell's Capacitive Co  Air            0%         ∞         100%        8
 Summon Horrible Things   Summ           0%         N/A       100%        8
 Fire Storm               Conj/Fire      0%         5d1       100%        9


Dungeon Overview and Level Annotations

Branches:
Dungeon (15/15)            Temple (0/1) D:7            Lair (5/5) D:11
  Swamp (4/4) Lair:3       Spider (4/4) Lair:2        Slime (5/5) Lair:4
    Orc (2/2) D:11            Elf (3/3) Orc:2        Vaults (5/5) D:13
  Crypt (2/3) Vaults:3     Depths (4/4) D:15           Hell (visited)
    Dis (0/7) Hell            Geh (7/7) Hell            Coc (7/7) Hell
    Tar (2/7) Hell            Zot (5/5) Depths:4     Bailey (visited)
 WizLab (visited)

Altars:
Ashenzari
Cheibriados
Gozag
Hepliaklqana
Kikubaaqudgha
Makhleb
Okawaru
Qazlal
Ru
Trog
Uskayaw
Vehumet
Wu Jian
Zin
The Shining One
Beogh
Jiyva
Lugonu

Shops:
D:2 [   D:10 :   Orc:1 [   Orc:2 !==(:   Elf:3 [([!:   Vaults:1 (   Vaults:4 :
Depths:1 ?   Depths:4 [**(

Portals:
Hell: Depths:1 Depths:2 Depths:3 Depths:4
Abyss: Lair:5 Depths:1 Depths:3
Pandemonium: Depths:2 Depths:3
Ziggurat: Depths:3
Trove: Depths:1 (give 14 scrolls of teleportation)

Annotations:
D:9 2 runed translucent doors


Innate Abilities, Weirdness & Mutations

You are a tree.
Your roots penetrate the ground, keeping you stationary.
You cannot be teleported.
You are immune to unholy pain and torment.
Your maximum health is greatly increased.
Your equipment is partially melded.
((You have a pair of large horns on your head.))
((You reflexively headbutt those who attack you in melee.))
((You have large cloven feet.))
You are very robust. (+20% HP)
((You are often teleported next to monsters.))


Message History

* * * LOW HITPOINT WARNING * * *
The bone dragon claws you!
* * * LOW HITPOINT WARNING * * *
The bone dragon tramples you!
* * * LOW HITPOINT WARNING * * *
Your angel hits the bone dragon with a +2 whip of holy wrath.
The bone dragon convulses!
Your angel barely misses the bone dragon.
The bone dragon bites you but does no damage.
The bone dragon claws you but does no damage.
The bone dragon tramples you but does no damage.
The doom hound bites you!! The Shining One protects you from harm!
The doom hound claws you!
* * * LOW HITPOINT WARNING * * *
The spectral harpy claws you but does no damage. x2
You feel much better.
You block the spectral harpy's attack. x2
Your angel hits the bone dragon with a +2 whip of holy wrath!
The bone dragon convulses.
Your angel hits the bone dragon with a +2 whip of holy wrath.
The bone dragon convulses!
The Tzitzimitl gestures at you.
The bolt of negative energy hits you but does no damage.
You resist.
The bolt of negative energy hits the spectral harpy.
The spectral harpy completely resists.
You block the Tzitzimitl's attack.
The Tzitzimitl bites you but does no damage.
You block the doom hound's attack.
The doom hound claws you but does no damage.
The bone dragon bites you!!
* * * LOW HITPOINT WARNING * * *
The bone dragon claws you but does no damage.
The bone dragon tramples you but does no damage.
The spectral harpy claws you but does no damage. x2
The bone dragon bites you.
* * * LOW HITPOINT WARNING * * *
The bone dragon claws you.
* * * LOW HITPOINT WARNING * * *
The bone dragon tramples you.
You die...

.... #......#
#.°. #......#
#...Z####.....#
#..h11°......#
#.#.####.....#
# #......#
#....ZA#
#...hD1#
#..ZD♣1#
##..Z..#
#......#
##.....#
#......#
########


You could see 2 bone dragons, a doom hound (can howl), 2 Tzitzimimeh, a spectral
harpy, a spectral ettin, a spectral caustic shrike and a friendly angel
(summoned).

Vanquished Creatures
  Antaeus (Coc:7)
  Asmodeus (Geh:7)
  3 dread liches
  7 orbs of fire (Zot:5)
  4 ancient liches
  Xtahua (Vaults:4)
  The ghost of Deaqeck the Ruinous, a veteran DgCj (Depths:2)
  Boris (twice) (Vaults:1 Depths:4)
  3 Killer Klowns (Zot:5)
  15 shard shrikes
  Margery (Depths:4)
  A curse toe (Zot:5)
  Norris (Elf:3)
  15 golden dragons
  Nikola (Vaults:1)
  Arachne (Spider:4)
  2 bone dragons (Tar:1)
  5 electric golems
  5 Brimstone Fiends
  A doom hound (Tar:2)
  12 hellephants
  25 tentacled monstrosities
  24 Orb Guardians (Zot:5)
  4 liches
  23 Ice Fiends
  3 sphinxes
  6 quicksilver dragons
  A deep elf blademaster (Elf:3)
  13 titans
  21 acid blobs
  2 deep elf master archers (Elf:3)
  14 searing wretches
  An ancient champion (Crypt:1)
  A tentacled starspawn (Abyss:3)
  11 death cobs
  5 tengu reavers
  13 storm dragons
  2 thorn hunters
  Agnes (Spider:4)
  9 rockslimes
  Donald (Spider:1)
  13 shadow dragons
  16 azure jellies
  6 draconian knights
  5 draconian shifters
  5 occultists
  2 protean progenitors (Zot:1)
  7 frost giants
  8 emperor scorpions
  6 draconian monks
  A revenant (Crypt:1)
  22 fire giants
  2 iron dragons (Vaults:5)
  22 balrugs
  9 deep elf sorcerers
  A juggernaut zombie (Hell)
  20 vault wardens
  5 draconian scorchers
  3 ghouls (Crypt:1)
  10 shard shrike simulacra
  5 draconian stormcallers
  11 narguns
  6 deep elf elementalists
  8 ghost moths
  23 ironbound preservers
  2 spectral caustic shrikes
  An angel (WizLab)
  6 draconian annihilators
  7 reapers (Hell)
  3 cacodemons
  11 quicksilver oozes
  3 orc warlords
  28 elemental wellsprings
  9 ironbound thunderhulks
  18 stone giants
  20 very ugly things
  2 formless jellyfish (Slime:5)
  8 deep elf death magi
  A broodmother (shapeshifter) (Vaults:5)
  2 vampire knights (Depths:2)
  A broodmother (Spider:3)
  7 deep elf annihilators
  3 eleionomae
  A lorocyproca (Hell)
  3 demonspawn black suns (Zot:1)
  5 putrid mouths
  8 deep elf demonologists
  16 red draconians
  11 yellow draconians
  14 green draconians
  8 black draconians
  3 bunyips
  14 wendigos
  2 spark wasps (Spider:3)
  8 white draconians
  Azrael (Elf:2)
  6 war gargoyles
  6 dire elephants
  12 purple draconians
  The ghost of Autsider the Fighter, a journeyman DrCj (D:10)
  3 iron golems
  2 green deaths
  3 blizzard demons
  7 fire dragons
  3 crystal guardians (WizLab)
  Snorg (Lair:3)
  A jiangshi (Depths:3)
  9 ettins
  A shambling mangrove (Swamp:4)
  13 yaktaur captains
  A spectral elf (Tar:1)
  5 entropy weavers
  3 deep elf high priests
  3 spriggan zombies
  5 great orbs of eyes
  A quicksilver dragon skeleton (Crypt:1)
  33 vault guards
  4 juggernaut simulacra
  6 spriggan air magi
  10 ogre magi
  A hell beast (Depths:1)
  5 radroaches
  9 ice dragons
  11 caustic shrike simulacra
  7 alligators
  17 hydras
  3 rakshasas
  13 salamander tyrants
  2 death knights (Crypt:1)
  7 ironbound frosthearts
  4 catoblepae
  5 peacekeepers
  6 centaur warriors
  4 jorogumos
  A fenstrider witch skeleton (Crypt:1)
  Erolcha (D:9)
  13 two-headed ogres
  7 stokers
  19 dancing weapons
  A vampire mage (Depths:3)
  4 deep troll shamans
  6 tengu warriors
  11 boulder beetles
  4 demonic crawlers
  An orc high priest (Elf:3)
  14 deep troll earth magi
  39 hell hogs
  A spectral storm dragon (Tar:2)
  4 thrashing horrors
  2 spriggan berserkers
  A shock serpent (shapeshifter) (Vaults:5)
  3 sun demons
  15 hell knights
  2 wretched stars
  18 deep elf knights
  Nergalle (Orc:2)
  6 soul eaters
  2 sixfirhies
  4 shadow wraiths
  10 iron trolls
  11 pharaoh ants
  4 skysharks
  A shadow demon (Hell)
  12 deep elf archers
  2 bunyip zombies
  9 skeletal warriors
  3 flayed ghosts
  A sea snake (shapeshifter) (Vaults:5)
  6 quicksilver dragon simulacra
  4 goliath frogs
  10 arcanists
  A spriggan druid (Swamp:1)
  63 deep trolls
  3 spriggan simulacra
  11 orb spiders
  A fenstrider witch simulacrum (Crypt:1)
  10 glowing orange brains
  14 swamp dragons
  2 orange crystal statues
  8 phantasmal warriors
  4 sun moths
  A spectral iron dragon (Tar:1)
  14 harpies
  11 orc knights
  8 necromancers
  10 lindwurms
  8 bog bodies
  24 wolf spiders
  18 ironbound convokers
  Pikel (D:6)
  6 steelbarb worms
  21 deep elf zephyrmancers
  5 thermic dynamos
  3 obsidian bats
  A harpy (shapeshifter) (Lair:5)
  3 lightning spires
  27 deep elf pyromancers
  Maurice (D:9)
  7 orc sorcerers
  An elephant (shapeshifter) (Elf:2)
  25 moths of wrath
  32 ugly things
  4 will-o-the-wisps
  10 meliai
  A spectral centaur (Tar:1)
  3 cyclopes
  3 manticores
  7 shining eyes
  A meliai (shapeshifter) (D:13)
  A goliath frog skeleton (Crypt:1)
  A worldbinder (Abyss:2)
  A naga zombie (Crypt:1)
  A titan simulacrum (Coc:7)
  An iron dragon skeleton (Hell)
  7 large abominations
  2 dire elephant zombies (Hell)
  A rust devil (Depths:3)
  A stone giant skeleton (Crypt:1)
  9 black mambas
  A smoke demon (Abyss:3)
  3 kobold blastminers (Orc:1)
  An eye of devastation (Slime:5)
  A water nymph (shapeshifter) (Vaults:5)
  14 vault sentinels
  2 ice statues (Coc:7)
  15 cane toads
  An unseen horror (D:13)
  10 molten gargoyles
  9 gargoyles
  20 hellions
  2 kobold demonologists
  A centaur skeleton (Crypt:1)
  A cane toad (shapeshifter) (Elf:3)
  3 torpor snails (Spider:4)
  Jeremiah (D:6)
  An orange demon (Hell)
  6 rime drakes
  5 anaconda simulacra
  A bunyip simulacrum (Hell)
  9 tormentors
  An efreet (D:15)
  A purple draconian skeleton (Crypt:1)
  2 ice devils (Hell)
  2 komodo dragons
  45 yaktaurs
  An unseen horror (shapeshifter) (Vaults:5)
  A golden dragon simulacrum (Depths:2)
  2 iron giant simulacra
  Psyche (D:9)
  10 freezing wraiths
  A hydra zombie (Hell)
  6 trolls
  A hellwing (Abyss:3)
  16 hornets
  2 harpy skeletons
  4 glass eyes
  36 jumping spiders
  3 raiju (Abyss:3)
  4 tyrant leeches
  25 tarantellas
  A merfolk (shapeshifter) (Vaults:5)
  A tengu simulacrum (Depths:2)
  A glass eye (shapeshifter) (Depths:2)
  3 iron dragon simulacra
  26 blink frogs
  11 dream sheep
  Sigmund (D:6)
  A dream sheep (shapeshifter) (D:13)
  109 slime creatures
  A human simulacrum (Coc:1)
  3 stone giant simulacra
  14 spriggans
  A centaur simulacrum (Coc:2)
  38 yaks
  2 air elementals
  A shadow (D:11)
  A wyvern (D:11)
  4 basilisks
  34 culicivoras
  3 water elementals
  12 wraiths
  A vampire (Abyss:3)
  7 dire elephant simulacra
  A human (Lair:3)
  2 steam dragons
  3 fire bats (Depths:2)
  5 fire elementals (Elf:2)
  12 golden eyes
  Eustachio (D:6)
  A naga simulacrum (Coc:7)
  5 chaos spawn
  Grum (D:9)
  A warg (Elf:3)
  59 redbacks
  4 harpy simulacra
  13 vampire mosquitoes
  A swamp worm (shapeshifter) (Depths:2)
  13 swamp worms
  A water moccasin (shapeshifter) (Lair:5)
  2 hell hounds
  2 acid dragons (D:12)
  A hydra simulacrum (Coc:1)
  13 water moccasins
  11 swamp drakes
  3 ice beasts
  25 orc warriors
  A sky beast (D:7)
  7 ettin simulacra
  8 ogres
  A boggart (Vaults:2)
  20 wolves
  6 centaurs
  A phantom (D:6)
  A lemure (D:6)
  A komodo dragon zombie (Crypt:1)
  Blork the orc (D:4)
  A weeping skull (Elf:3)
  3 kobold brigands
  12 bullfrogs
  8 small abominations
  An elf skeleton (Crypt:1)
  3 gnoll sergeants (D:8)
  A draconian skeleton (Crypt:1)
  3 scorpions
  4 earth elementals
  18 wights
  8 killer bees
  A killer bee (shapeshifter) (Depths:3)
  3 howler monkeys
  3 electric eels
  A hound (D:7)
  3 jellies
  19 orc priests
  3 gnoll boudas
  A black bear skeleton (Crypt:1)
  6 iguanas
  41 orc wizards
  12 hell rats (Hell)
  19 gnolls
  5 adders
  A steam dragon skeleton (Crypt:2)
  2 white imps
  2 dart slugs (D:2)
  80 orcs
  4 bats
  4 endoplasms
  6 giant cockroaches
  16 goblins
  19 hobgoblins
  4 jackals (D:1)
  6 quokkas
  5 ball pythons
  2 frilled lizards
  A goblin skeleton (Crypt:1)
  12 kobolds
  5 rats
  A ball lightning (Depths:2)
  A butterfly (Lair:1)
  A creeping inferno (Geh:7)
  A fire vortex (Geh:7)
2715 creatures vanquished.

Vanquished Creatures (collateral kills)
  the Royal Jelly (Slime:5)
  A dread lich (Zot:5)
  2 orbs of fire
  Josephina (Depths:2)
  A shard shrike (Coc:7)
  Boris (Vaults:5)
  A curse toe (Zot:3)
  Geryon (Hell)
  An electric golem (WizLab)
  A Brimstone Fiend (Geh:7)
  4 tentacled monstrosities
  An Orb Guardian (Zot:5)
  4 Ice Fiends (Coc:7)
  4 titans
  A sphinx (Vaults:5)
  3 acid blobs (Slime:5)
  A deep elf blademaster (Elf:2)
  An Executioner (Abyss:3)
  2 fire giants
  2 frost giants
  3 narguns
  3 draconian shifters
  An azure jelly (Slime:5)
  2 draconian scorchers
  A ghost moth (Spider:4)
  2 reapers (Hell)
  A cacodemon (Depths:2)
  2 elemental wellsprings (Coc:5)
  A green draconian (Zot:4)
  6 very ugly things
  A deep elf demonologist (Elf:3)
  3 purple draconians
  A black draconian (Zot:5)
  A red draconian (Zot:5)
  2 wendigos
  2 blizzard demons
  An iron golem (Hell)
  3 fire dragons (Depths:2)
  A crystal guardian (Hell)
  A jiangshi (Depths:3)
  2 deep elf high priests
  2 caustic shrike simulacra
  An entropy weaver (Spider:4)
  A jorogumo (Spider:4)
  A rakshasa (Depths:3)
  2 salamander tyrants
  A juggernaut simulacrum (Coc:5)
  3 dancing weapons
  A vampire mage (Lair:3)
  2 demonic crawlers (Spider:4)
  A deep troll shaman (Depths:2)
  3 deep troll earth magi
  2 hell hogs (Hell)
  A hell knight (Depths:4)
  Sonja (Lair:2)
  A sun demon (Hell)
  A skeletal warrior (D:9)
  An iron troll (Depths:2)
  A spectral spark wasp (Depths:2)
  6 deep trolls
  A pharaoh ant (Spider:4)
  2 deep elf archers
  2 glowing orange brains (Depths:2)
  3 orb spiders (Spider:4)
  5 thermic dynamos
  A phantasmal warrior (Vaults:5)
  A sphinx simulacrum (Depths:2)
  3 deep elf pyromancers
  A lightning spire (Abyss:3)
  5 deep elf zephyrmancers
  2 wolf spiders (Spider:4)
  3 cyclopes (Zot:1)
  A moth of wrath (shapeshifter) (Lair:5)
  3 ugly things (Depths:1)
  2 meliai (Spider:4)
  2 slime creatures (Slime:5)
  A gargoyle (WizLab)
  2 molten gargoyles (WizLab)
  2 cane toads (Lair:5)
  An orange demon (Hell)
  A smoke demon (Abyss:3)
  2 hellions
  A komodo dragon (shapeshifter) (Depths:2)
  A large abomination (Lair:5)
  2 hornets (Swamp:4)
  A tengu simulacrum (Depths:2)
  A tarantella (Spider:4)
  2 raiju
  A harpy skeleton (Abyss:3)
  4 jumping spiders (Spider:4)
  5 blink frogs (Lair:5)
  4 culicivoras (Spider:4)
  A stone giant simulacrum (Coc:3)
  2 spriggans
  2 centaur simulacra (Hell)
  5 small abominations (Lair:5)
  2 yaks (Lair:5)
  A wyvern (Lair:5)
  A fire elemental (Depths:2)
  A fire bat (Depths:2)
  6 redbacks
  A vampire mosquito (D:9)
  4 basilisks (Lair:5)
  An alligator snapping turtle simulacrum (Hell)
  A chaos spawn (Lair:5)
  2 harpy simulacra
  A water moccasin (Lair:5)
  An orc warrior (D:9)
  An ettin simulacrum (Coc:3)
  A tengu (shapeshifter) (Abyss:3)
  A laughing skull (Abyss:3)
  A centaur (D:9)
  An earth elemental (WizLab)
  3 orc wizards (D:9)
  2 orcs (D:9)
216 creatures vanquished.

Vanquished Creatures (others)
  A dread lich (Coc:2)
  A storm dragon (Zot:3)
  A fire giant (Elf:2)
  A shard shrike simulacrum (Coc:6)
  An ironbound preserver (Vaults:5)
  An elemental wellspring (Coc:6)
  A war gargoyle (WizLab)
  A wendigo (Coc:7)
  A hydra (Swamp:4)
  2 juggernaut simulacra
  3 caustic shrike simulacra
  An ogre mage (Depths:2)
  A stoker (Geh:7)
  A spriggan simulacrum (Coc:2)
  A swamp dragon (Swamp:1)
  A fenstrider witch simulacrum (Coc:2)
  A titan simulacrum (Coc:5)
  A vault sentinel (Vaults:1)
  An eye of devastation (shapeshifter) (Depths:2)
  A hellion (Coc:7)
  A tormentor (Coc:3)
  A bunyip simulacrum (Coc:2)
  A golden dragon simulacrum (Coc:7)
  A harpy zombie (Hell)
  A queen bee (shapeshifter) (Depths:2)
  5 bloated husks
  A polar bear (shapeshifter) (Depths:2)
  A blink frog (Lair:1)
  A stone giant simulacrum (Coc:2)
  2 iron dragon simulacra
  An air elemental (Elf:2)
  A culicivora (shapeshifter) (Depths:2)
  A spriggan (shapeshifter) (Depths:2)
  A spriggan (Swamp:4)
  A ynoxinul (Abyss:3)
  2 dire elephant simulacra
  A golden eye (shapeshifter) (Depths:2)
  A harpy simulacrum (Coc:7)
  A hydra simulacrum (Coc:7)
  A black bear (shapeshifter) (Depths:2)
  An ettin simulacrum (Coc:7)
  5 ball lightnings (Depths:2)
  A creeping inferno (Geh:5)
  12 foxfires
  2 starspawn tentacles (Abyss:3)
70 creatures vanquished.

Grand Total: 3001 creatures vanquished

Notes
Turn   | Place    | Note
-------+----------+-------------------------------------------
     0 | D:1      | JaaP the Minotaur Monk began the quest for the Orb.
     0 | D:1      | Reached XP level 1. HP: 19/19 MP: 0/0
    34 | D:1      | Reached XP level 2. HP: 12/27 MP: 1/1
   156 | D:1      | Reached skill level 4 in Fighting
   492 | D:1      | Reached XP level 3. HP: 31/33 MP: 2/2
   591 | D:2      | Found Roic's Armour Shoppe.
   915 | D:2      | Reached XP level 4. HP: 39/41 MP: 3/3
  1321 | D:3      | Reached skill level 5 in Fighting
  1497 | D:3      | Reached XP level 5. HP: 48/48 MP: 4/4
  1884 | D:2      | Bought a +0 buckler of fire resistance for 126 gold pieces
  2172 | D:4      | Reached skill level 5 in Axes
  2464 | D:4      | Found a broken altar of Ashenzari.
  2465 | D:4      | Noticed Blork the orc
  2472 | D:4      | Killed Blork the orc
  2473 | D:4      | Reached skill level 1 in Shields
  2654 | D:4      | Reached XP level 6. HP: 56/56 MP: 5/5
  2662 | D:4      | Reached skill level 5 in Dodging
  3014 | D:5      | Entered Level 5 of the Dungeon
  3028 | D:5      | Noticed a water moccasin
  3035 | D:5      | Killed a water moccasin
  3067 | D:5      | Reached skill level 6 in Fighting
  3077 | D:5      | Reached XP level 7. HP: 63/63 MP: 6/6
  3897 | D:6      | Found a burning altar of Makhleb.
  3900 | D:6      | Found a radiant altar of Vehumet.
  3904 | D:6      | Found a snail-covered altar of Cheibriados.
  3905 | D:6      | Found a glowing silver altar of Zin.
  3905 | D:6      | Found a glowing golden altar of the Shining One.
  3908 | D:6      | Found a hazy altar of Hepliaklqana.
  3909 | D:6      | Found an iron altar of Okawaru.
  3910 | D:6      | Found an opulent altar of Gozag.
  3914 | D:6      | Became a worshipper of the Shining One
  3914 | D:6      | Reached * piety under the Shining One
  3914 | D:6      | Reached ** piety under the Shining One
  3933 | D:6      | Noticed a cyclops
  4046 | D:6      | Found a bloodstained altar of Trog.
  4062 | D:6      | Noticed a wraith
  4068 | D:6      | Reached skill level 7 in Fighting
  4068 | D:6      | Reached skill level 1 in Armour
  4068 | D:6      | Reached XP level 8. HP: 52/73 MP: 7/7
  4101 | D:6      | Noticed Sigmund
  4108 | D:6      | Killed Sigmund
  4109 | D:6      | Reached skill level 5 in Shields
  4109 | D:6      | Reached skill level 1 in Invocations
  4375 | D:6      | Killed a cyclops
  4510 | D:6      | Reached skill level 8 in Fighting
  4510 | D:6      | Reached XP level 9. HP: 81/81 MP: 9/9
  4563 | D:6      | Noticed Pikel
  4574 | D:6      | Killed Pikel
  4738 | D:6      | Noticed Jeremiah
  4739 | D:6      | Noticed Eustachio
  4808 | D:7      | Identified the +0 buckler "Felotosk" {Int+3}
  4819 | D:7      | Found a staircase to the Ecumenical Temple.
  5040 | D:7      | Noticed a cyclops
  5042 | D:7      | Noticed a troll
  5044 | D:7      | Killed a cyclops
  5045 | D:7      | Reached skill level 5 in Armour
  5045 | D:7      | Noticed a manticore
  5324 | D:7      | Noticed a boulder beetle
  5351 | D:7      | Killed a boulder beetle
  5352 | D:7      | Reached skill level 9 in Fighting
  5352 | D:7      | Reached XP level 10. HP: 40/91 MP: 12/12
  5720 | D:6      | Found an ornate altar of the Wu Jian Council.
  5731 | D:6      | Killed Eustachio
  6099 | D:6      | Killed Jeremiah
  6388 | D:7      | Killed a manticore
  6389 | D:7      | Reached skill level 5 in Invocations
  6454 | D:7      | Reached *** piety under the Shining One
  6484 | D:7      | Noticed a cyclops
  6485 | D:7      | Noticed a brown ugly thing
  6542 | D:7      | Killed a cyclops
  6543 | D:7      | Reached skill level 10 in Fighting
  6543 | D:7      | Reached skill level 10 in Axes
  6560 | D:7      | Killed a brown ugly thing
  6723 | D:7      | Identified the +1 short sword of the Thoughtful Beggars
                  | {venom, rF++}
  7439 | D:8      | Reached XP level 11. HP: 101/101 MP: 14/14
  8048 | D:8      | Found the +5 woodcutter's axe
  8154 | D:8      | Found an ancient bone altar of Kikubaaqudgha.
  8311 | D:9      | Noticed Grum
  8320 | D:9      | Killed Grum
  8350 | D:9      | Found a large runed translucent door.
  8350 | D:9      | Found a large runed translucent door.
  8357 | D:9      | Noticed a skeletal warrior
  8366 | D:9      | Found a large runed translucent door.
  8429 | D:9      | Reached **** piety under the Shining One
  8475 | D:9      | Noticed Psyche
  8483 | D:9      | Killed Psyche
  8484 | D:9      | Found a flagged portal.
  8545 | Bailey   | Entered a bailey
  8591 | Bailey   | Noticed an orc knight
  8602 | Bailey   | Killed an orc knight
  8834 | Bailey   | Noticed an orc warlord
  8850 | Bailey   | Killed an orc warlord
  8851 | Bailey   | Reached skill level 11 in Fighting
  9104 | Bailey   | Acquired a manual of Fighting
  9108 | Bailey   | Acquired the +4 tower shield of Duhiagig {rElec rN+ Regen+
                  | Dex+3}
  9220 | D:9      | Found a large runed translucent door.
  9234 | D:9      | Reached skill level 10 in Shields
  9369 | D:9      | Reached ***** piety under the Shining One
  9376 | D:9      | Noticed a red ugly thing
  9389 | D:9      | Killed a red ugly thing
  9457 | D:9      | Noticed Maurice
  9469 | D:9      | Killed Maurice
  9606 | D:9      | Killed a skeletal warrior
  9607 | D:9      | Reached skill level 12 in Fighting
  9620 | D:9      | Identified the ring of Cheibriados's Esteem {Wiz rN+++
                  | Stlth-}
  9685 | D:9      | Noticed a two-headed ogre
  9686 | D:9      | Noticed Erolcha
  9893 | D:9      | Killed Erolcha
  9894 | D:9      | Reached XP level 12. HP: 112/112 MP: 16/16
 10111 | D:9      | Killed a two-headed ogre
 10258 | D:10     | Entered Level 10 of the Dungeon
 10702 | D:10     | Found a runed translucent gate.
 10702 | D:10     | Found a runed translucent gate.
 10702 | D:10     | Found a runed translucent gate.
 10702 | D:10     | Noticed Autsider's ghost (journeyman DrCj)
 10722 | D:10     | Killed Autsider's ghost
 10752 | D:10     | Found Ypugem Haof's Vocational Training.
 10807 | D:10     | Reached skill level 10 in Armour
 10889 | D:10     | Reached skill level 13 in Fighting
 11153 | D:11     | Noticed a two-headed ogre
 11159 | D:11     | Killed a two-headed ogre
 11164 | D:11     | Noticed a boulder beetle
 11173 | D:11     | Killed a boulder beetle
 11227 | D:11     | Found a staircase to the Orcish Mines.
 11331 | D:11     | Found a staircase to the Lair.
 11561 | Lair:1   | Entered Level 1 of the Lair of Beasts
 11663 | Lair:1   | Noticed an eight-headed hydra
 11670 | Lair:1   | Reached skill level 14 in Fighting
 11671 | Lair:1   | Killed a six-headed hydra
 12068 | Lair:1   | Reached XP level 13. HP: 125/125 MP: 18/18
 12684 | Lair:2   | Noticed Sonja
 12688 | Lair:2   | Killed Sonja
 12856 | Lair:2   | Reached skill level 15 in Fighting
 13008 | Lair:2   | Got the Guide on Luminous Bringing Forth
 13155 | Lair:2   | Reached skill level 1 in Throwing
 13160 | Lair:2   | Reached skill level 1 in Evocations
 13295 | Lair:2   | Found a hole to the Spider Nest.
 13812 | Lair:3   | Identified the +9 hand axe of an ossuary {protect, rF++
                  | Str-3 Dex+5}
 14376 | Lair:3   | Found a staircase to the Swamp.
 14437 | Lair:3   | Found a runed translucent door.
 14441 | Lair:3   | Noticed Snorg
 14453 | Lair:3   | Killed Snorg
 14475 | Lair:3   | Identified the ring "Loutediz" {Fly rPois EV+5}
 14729 | Lair:4   | Found a staircase to the Slime Pits.
 14730 | Lair:4   | Found a viscous altar of Jiyva.
 14901 | Lair:4   | Reached skill level 10 in Invocations
 15390 | Lair:5   | Entered Level 5 of the Lair of Beasts
 15396 | Lair:5   | Reached skill level 16 in Fighting
 15398 | Lair:5   | Reached XP level 14. HP: 119/137 MP: 20/20
 16608 | Lair:5   | Found a corrupted altar of Lugonu.
 16608 | Lair:5   | Found a one-way gate to the infinite horrors of the Abyss.
 16612 | Lair:5   | Reached skill level 17 in Fighting
 16832 | Orc:1    | Entered Level 1 of the Orcish Mines
 16832 | Orc:1    | Found a roughly hewn altar of Beogh.
 16857 | Orc:1    | Reached ****** piety under the Shining One
 16961 | Orc:1    | Found Zofair's Antique Armour Shop.
 16970 | Orc:1    | Bought a pair of encrusted gloves for 247 gold pieces
 16970 | Orc:1    | Identified the +0 pair of gloves of the Spider Nest {rElec
                  | rN+ Regen+} (You bought it in a shop on level 1 of the
                  | Orcish Mines)
 16991 | Orc:1    | Reached skill level 5 in Throwing
 17115 | Orc:2    | Entered Level 2 of the Orcish Mines
 17319 | Orc:2    | Found a staircase to the Elven Halls.
 17453 | Orc:2    | Found Qoliph's Book Boutique.
 17575 | Orc:2    | Found Riurph's Antique Weapon Boutique.
 17620 | Orc:2    | Found a radiant altar of Vehumet.
 17660 | Orc:2    | Paralysed by an ogre mage for 2 turns
 17662 | Orc:2    | Noticed Nergalle
 17672 | Orc:2    | Killed Nergalle
 17675 | Orc:2    | Found an ancient bone altar of Kikubaaqudgha.
 17742 | Orc:2    | Found a roughly hewn altar of Beogh.
 17743 | Orc:2    | Found Edug's Jewellery Shop.
 17743 | Orc:2    | Found Dolaj's Distillery.
 17760 | Orc:2    | Bought the amulet "Bauhics" {Reflect Dex+4 SH+5} for 635
                  | gold pieces
 17784 | Orc:2    | Bought a potion of mutation for 112 gold pieces
 17784 | Orc:2    | Bought a potion of heal wounds for 70 gold pieces
 17805 | Orc:2    | Found Zaung's Jewellery Shop.
 18127 | D:12     | Reached XP level 15. HP: 147/147 MP: 22/22
 18164 | D:12     | Reached skill level 5 in Evocations
 18276 | D:12     | Identified the +1 flail of the Orcish Mines {vamp, Str+3}
 18858 | D:13     | Reached skill level 18 in Fighting
 19015 | D:13     | Reached skill level 15 in Axes
 19022 | D:13     | Found a gate to the Vaults.
 19626 | Swamp:1  | Entered Level 1 of the Swamp
 19846 | Swamp:1  | Identified the +0 leather armour "Zylaippuo" {Dex+3}
 20288 | Swamp:2  | Identified the +1 robe "Ufiutwamm" {rN+}
 21025 | Swamp:3  | Reached XP level 16. HP: 159/159 MP: 23/23
 21322 | Swamp:4  | Entered Level 4 of the Swamp
 21893 | Swamp:4  | Noticed a thorn hunter
 22156 | Swamp:3  | Killed a thorn hunter
 22179 | Swamp:4  | Reached skill level 19 in Fighting
 22224 | Swamp:4  | Noticed a thorn hunter
 22237 | Swamp:4  | Killed a thorn hunter
 22557 | Swamp:4  | Reached skill level 15 in Shields
 22789 | Swamp:4  | Got a decaying rune of Zot
 23292 | Spider:1 | Entered Level 1 of the Spider Nest
 24220 | Spider:1 | You are sucked into a shaft and drop 1 floor!
 24652 | Spider:2 | Noticed Donald
 24670 | Spider:1 | Killed Donald
 24899 | Spider:2 | Reached XP level 17. HP: 168/168 MP: 25/25
 25224 | Spider:2 | Reached skill level 15 in Armour
 26434 | Spider:4 | Entered Level 4 of the Spider Nest
 27116 | Spider:4 | Reached skill level 20 in Fighting
 27130 | Spider:4 | Identified the +6 tower shield of the Shrikes {rCorr Str-4
                  | Int+3 Stlth+}
 27235 | Spider:4 | Noticed Agnes
 27237 | Spider:4 | Noticed Arachne
 27251 | Spider:4 | Reached XP level 18. HP: 175/178 MP: 0/26
 27256 | Spider:4 | Killed Arachne
 27263 | Spider:4 | Killed Agnes
 27430 | Spider:4 | Got a gossamer rune of Zot
 27600 | Spider:4 | Reached skill level 10 in Throwing
 27936 | Spider:4 | Identified the granite talisman "Huenin" {+Blink rN+}
 28718 | Elf:1    | Entered Level 1 of the Elven Halls
 29778 | Elf:2    | Found a runed translucent gate.
 29779 | Elf:2    | Found a runed translucent gate.
 29779 | Elf:2    | Found a runed translucent gate.
 30200 | Elf:2    | Noticed Azrael
 30208 | Elf:2    | Killed Azrael
 30736 | Elf:2    | Reached XP level 19. HP: 88/187 MP: 28/28
 31000 | Elf:3    | Entered Level 3 of the Elven Halls
 31014 | Elf:3    | Found Hoku's Book Shop.
 31021 | Elf:3    | Found Tynued's Distillery.
 31021 | Elf:3    | Noticed Norris
 31046 | Elf:3    | Killed Norris
 31067 | Elf:3    | Bought a potion of curing for 45 gold pieces
 31067 | Elf:3    | Bought a potion of curing for 45 gold pieces
 31067 | Elf:3    | Bought a potion of enlightenment for 75 gold pieces
 31165 | Elf:3    | Noticed a Tzitzimitl
 31179 | Elf:3    | Reached skill level 10 in Evocations
 31557 | Elf:3    | Found Ycwoa's Antique Armour Emporium.
 31715 | Elf:3    | Identified the +6 morningstar "Gyozioph" {pain, +Blink rF+
                  | MP-9 Str+7}
 31715 | Elf:3    | Identified the +0 ice dragon scales of the Bouncing Runes
                  | {^Drain rElec rPois rF- rC++ Will-}
 31737 | Elf:3    | Identified the staff of Impermanence {rN+ Air Earth}
 31762 | Elf:3    | Identified the +0 arbalest "Boid" {drain, rElec Str+3 Dex+4
                  | Stlth-}
 31773 | Elf:3    | Identified the +3 leather armour of the Neverending Deaths
                  | {Harm Regen+ Int-4 Dex+5}
 31799 | Elf:3    | Reached skill level 21 in Fighting
 31801 | Abyss:2  | Found a corrupted altar of Lugonu.
 31801 | Abyss:2  | Cast into level 2 of the Abyss (a deep elf demonologist)
 31811 | Abyss:2  | Found a corrupted altar of Lugonu.
 31939 | Abyss:2  | Found a corrupted altar of Lugonu.
 32124 | Abyss:3  | Found a corrupted altar of Lugonu.
 32331 | Abyss:3  | Found a corrupted altar of Lugonu.
 32594 | Abyss:3  | Got an abyssal rune of Zot
 32609 | Elf:3    | Escaped the Abyss
 32906 | Elf:3    | Identified the +6 sling of Pios {heavy, Will+ Int+5}
 33122 | Elf:3    | Got the Grimoire of the Birds and Apparitions
 33137 | Elf:3    | Got Ytoela Iggal's Almanac of Assistive Violence
 33140 | Elf:3    | Identified the dragon-blood talisman of Wiliwot {rElec rN++
                  | Int-5}
 33180 | Elf:3    | Found a radiant altar of Vehumet.
 33223 | Elf:3    | Found Saciuw's Antique Armour Boutique.
 33337 | Abyss:3  | Cast into level 3 of the Abyss (a deep elf demonologist)
 33377 | Abyss:3  | Found a corrupted altar of Lugonu.
 33388 | Elf:3    | Escaped the Abyss
 33611 | Elf:3    | Identified the +0 cloak of the Pink Corner {rPois Int+4}
 33676 | Elf:3    | Found Oreniem's Antique Weapon Emporium.
 34140 | Vaults:1 | Entered Level 1 of the Vaults
 34301 | Vaults:1 | Reached XP level 20. HP: 198/198 MP: 30/30
 34339 | Vaults:1 | Noticed Nikola
 34352 | Vaults:1 | Killed Nikola
 34368 | Vaults:1 | Identified the +4 robe of the Original Sin {Str+2}
 34368 | Vaults:1 | Noticed Boris
 34383 | Vaults:1 | Killed Boris
 34747 | Vaults:1 | Found Wugeegan's Antique Weapon Emporium.
 35543 | Vaults:2 | Reached skill level 15 in Invocations
 36664 | Vaults:2 | Identified the +1 ring mail of Huat {^Drain MP+9 SInv}
 36903 | Vaults:3 | Found a magical portal.
 36912 | WizLab   | Entered Maxwell's Workshop
 37003 | WizLab   | Identified the ring of Guggig {Fire MP+9 SInv}
 37204 | WizLab   | Reached XP level 21. HP: 164/206 MP: 31/31
 37523 | WizLab   | Reached skill level 22 in Fighting
 37644 | WizLab   | Found the +15 Maxwell's patent armour {-Cast -Tele rElec
                  | Will+ rCorr}
 37702 | WizLab   | Identified the +7 quarterstaff "Ynnih" {flame, ^Contam
                  | rC+++ Str+7 Stlth-}
 37860 | Vaults:3 | Found a staircase to the Crypt.
 39000 | Vaults:4 | Found Noiluorch's Book Shoppe.
 39826 | Vaults:5 | Entered Level 5 of the Vaults
 39827 | Vaults:5 | Noticed Xtahua
 39844 | Vaults:4 | HP: 5/209 [Xtahua/searing blast (79)]
 39852 | Vaults:4 | Killed Xtahua
 39853 | Vaults:4 | Reached XP level 22. HP: 46/217 MP: 32/32
 40732 | Abyss:3  | Found a corrupted altar of Lugonu.
 40732 | Abyss:3  | Cast into level 3 of the Abyss (a deep elf sorcerer)
 40757 | Vaults:5 | Escaped the Abyss
 40975 | Vaults:5 | Identified the +1 hand axe of Ytrethru {freeze, Will++}
 41396 | Vaults:5 | Noticed a golden dragon
 41408 | Vaults:5 | Killed a golden dragon
 41840 | Vaults:5 | Reached skill level 10 in Dodging
 41984 | Vaults:5 | Identified the +3 robe of the Taurataur {rN+ rCorr}
 41984 | Vaults:5 | Noticed Boris
 41986 | Vaults:5 | Upgraded the game from 0.32-a0-918-g0f22ef8d61 to
                  | 0.32-a0-921-g04a7ad8e02
 41993 | Vaults:5 | Killed Boris
 42279 | Vaults:5 | Reached skill level 23 in Fighting
 42514 | Vaults:5 | Got a silver rune of Zot
 43574 | D:15     | Entered Level 15 of the Dungeon
 43589 | D:15     | Found a hide-covered altar of Uskayaw.
 43656 | D:15     | Reached XP level 23. HP: 226/226 MP: 34/34
 43683 | D:15     | Found a staircase to the Depths.
 43928 | Depths:1 | Entered Level 1 of the Depths
 43961 | Depths:1 | Found a flickering gateway to a bazaar.
 43968 | Depths:1 | Found a gateway to Hell.
 43970 | Bazaar   | Entered a bazaar
 43970 | Bazaar   | Found Ykhler's Jewellery Shoppe.
 43992 | Bazaar   | Found Tuuko's Jewellery Emporium.
 44005 | Bazaar   | Found Sybuick's Antique Weapon Boutique.
 44007 | Bazaar   | Found Qoly's Armour Boutique.
 44032 | Bazaar   | Bought the amulet of Fesiamas {Reflect ^Drain Regen+ Int+2
                  | SH+5} for 534 gold pieces
 44065 | Bazaar   | Bought the ring of Seobaekk {rF++ rC+ rN+} for 1020 gold
                  | pieces
 44169 | Depths:1 | Identified a +9 broad axe of holy wrath (a +9 broad axe of
                  | venom blessed by the Shining One)
 44169 | Depths:1 | Received a gift from the Shining One
 44184 | Depths:1 | Found Zele Wai's Magic Scroll Boutique.
 44197 | Depths:1 | Bought a scroll of enchant armour for 157 gold pieces
 44272 | Depths:1 | Found a stormy altar of Qazlal.
 44998 | Depths:1 | Found a portal to a secret trove of treasure.
 45344 | Depths:2 | Noticed an ancient lich
 45360 | Depths:1 | Killed an ancient lich
 45534 | Depths:2 | Identified the ring "Ficvon" {Ice rPois MP+9 Str+5 Dex+2}
 45534 | Depths:2 | Noticed Josephina
 45542 | Depths:2 | Killed Josephina
 45658 | Depths:2 | Got the Grimoire of the Inauspicious Inferno
 45767 | Depths:2 | Found a sacrificial altar of Ru.
 45828 | Depths:2 | Found a runed translucent gate.
 45829 | Depths:2 | Found a runed translucent gate.
 45830 | Depths:2 | Found a runed translucent gate.
 46031 | Depths:2 | Found a runed translucent gate.
 46031 | Depths:2 | Found a runed translucent gate.
 46031 | Depths:2 | Noticed Deaqeck's ghost (veteran DgCj)
 46033 | Depths:2 | Found a runed translucent gate.
 46062 | Depths:2 | Killed Deaqeck's ghost
 46267 | Depths:2 | Identified the +2 pair of boots "Veifram" {rN+ Will+ rCorr}
 46287 | Depths:2 | Gained mutation: You are clumsy. (Dex -2) [mutagenic glow]
 46297 | Depths:2 | Gained mutation: You are dopey. (Int -2) [mutagenic glow]
 46331 | Depths:2 | Gained mutation: Your body sometimes deteriorates upon
                  | taking damage. [mutagenic glow]
 47599 | Depths:2 | Lost mutation: You are dopey. (Int -2) [potion of mutation]
 47599 | Depths:2 | Lost mutation: Your body sometimes deteriorates upon taking
                  | damage. [potion of mutation]
 47599 | Depths:2 | Lost mutation: You are clumsy. (Dex -2) [potion of
                  | mutation]
 47599 | Depths:2 | Gained mutation: Your spells are a little harder to cast,
                  | but a little more powerful. [potion of mutation]
 47599 | Depths:2 | Gained mutation: Your mind is acute. (Int +4, Str/Dex -1)
                  | [potion of mutation]
 47599 | Depths:2 | Gained mutation: You are strong-willed. (Will+) [potion of
                  | mutation]
 47718 | Depths:2 | Found a one-way gate leading to the halls of Pandemonium.
 47964 | Hell     | Entered the Vestibule of Hell
 47964 | Hell     | Noticed Geryon
 47994 | Hell     | Reached skill level 15 in Throwing
 47994 | Hell     | Reached XP level 24. HP: 194/237 MP: 18/34
 48020 | Hell     | Killed Geryon
 48361 | Hell     | Found a gateway to the ashen valley of Gehenna.
 48455 | Hell     | Found a gateway to the Iron City of Dis.
 48512 | Hell     | Found a gateway to the freezing wastes of Cocytus.
 48621 | Hell     | Found a gateway to the decaying netherworld of Tartarus.
 49056 | Depths:3 | Found a one-way gateway to a ziggurat.
 49451 | Depths:3 | Reached skill level 24 in Fighting
 49532 | Depths:4 | Entered Level 4 of the Depths
 49533 | Depths:4 | Found Haatoeh's Antique Weapon Boutique.
 49568 | Depths:4 | Found a flickering gateway to a bazaar.
 49603 | Bazaar   | Entered a bazaar
 49604 | Bazaar   | Found Faesm's Antique Armour Shoppe.
 49614 | Bazaar   | Found Koskeyff's Jewellery Boutique.
 49622 | Bazaar   | Found Biohut's Antique Weapon Shoppe.
 49663 | Bazaar   | Found Ukiass's Weapon Shop.
 49690 | Bazaar   | Bought a pair of embroidered gloves for 210 gold pieces
 49835 | Depths:4 | Found Jinur's Assorted Antiques.
 49840 | Depths:4 | Found Ronlaute's Armour Shop.
 49847 | Depths:4 | Bought the +6 plate armour of the Dropbear {Regen+ Str+6
                  | Stlth-} for 1139 gold pieces
 50038 | Depths:4 | Found Welinoa's General Store.
 50046 | Depths:4 | Bought a scroll of teleportation for 63 gold pieces
 50047 | Depths:4 | Identified the +2 robe "Dapt" {rPois Str+3 SInv}
 50047 | Depths:4 | Noticed Boris
 50063 | Depths:4 | Killed Boris
 50082 | Depths:4 | Noticed Margery
 50103 | Depths:4 | Killed Margery
 50563 | Depths:4 | Found a gate to the Realm of Zot.
 50586 | Zot:1    | Entered Level 1 of the Realm of Zot
 50899 | Zot:1    | Noticed an orb of fire
 50903 | Zot:1    | Gained mutation: You sometimes lose your temper in combat.
                  | [an orb of fire]
 50903 | Zot:1    | Identified the +4 whip of Cyopt {drain, rC++ rCorr SInv
                  | Stlth-}
 50914 | Zot:1    | Lost mutation: Your spells are a little harder to cast, but
                  | a little more powerful. [an orb of fire]
 50915 | Zot:1    | Lost mutation: Your mind is acute. (Int +4, Str/Dex -1) [an
                  | orb of fire]
 50916 | Zot:1    | Killed an orb of fire
 50917 | Zot:1    | Reached XP level 25. HP: 233/246 MP: 22/34
 52124 | Zot:1    | Got the Volume of The Black Sun
 53123 | Zot:2    | You are sucked into a shaft and drop 1 floor!
 53523 | Zot:3    | Found a transporter.
 53540 | Zot:3    | Found a transporter.
 55149 | Zot:3    | Identified the ring "Waruss" {rN+ Dex+6 Stlth+}
 55443 | Zot:4    | Reached skill level 15 in Evocations
 55807 | Zot:4    | Reached XP level 26. HP: 257/257 MP: 35/35
 56213 | Zot:5    | Entered Level 5 of the Realm of Zot
 56266 | Zot:5    | Reached skill level 25 in Fighting
 57637 | Zot:5    | Noticed an ancient lich
 57644 | Zot:5    | Noticed an orb of fire
 57653 | Zot:5    | Killed an ancient lich
 57659 | Zot:5    | Gained mutation: You are frail. (-10% HP) [an orb of fire]
 57663 | Zot:5    | Killed an orb of fire
 57737 | Zot:4    | Lost mutation: You are frail. (-10% HP) [potion of
                  | mutation]
 57737 | Zot:4    | Lost mutation: You sometimes lose your temper in combat.
                  | [potion of mutation]
 57737 | Zot:4    | Gained mutation: You are partially covered in iridescent
                  | scales. (AC +2) [potion of mutation]
 58205 | Zot:5    | Noticed an orb of fire
 58215 | Zot:5    | Noticed an ancient lich
 58215 | Zot:5    | Gained mutation: You are somewhat resistant to further
                  | mutation. [an orb of fire]
 58217 | Zot:5    | Killed an orb of fire
 58221 | Zot:5    | Killed an ancient lich
 58227 | Zot:5    | Noticed an orb of fire
 58233 | Zot:5    | Gained mutation: You occasionally lose the ability to read
                  | scrolls when taking damage. [an orb of fire]
 58237 | Zot:5    | Gained mutation: You sometimes lose the ability to read
                  | scrolls when taking damage. [an orb of fire]
 58254 | Zot:5    | Killed an orb of fire
 58719 | Zot:5    | Noticed an orb of fire
 58727 | Zot:5    | Killed an orb of fire
 58938 | Zot:5    | Noticed an orb of fire
 58939 | Zot:5    | Noticed an orb of fire
 59065 | Zot:5    | Gained mutation: Your magical capacity is low. (-10% MP)
                  | [an orb of fire]
 59079 | Zot:5    | Killed an orb of fire
 59491 | Zot:5    | Noticed an orb of fire
 59509 | Zot:5    | Noticed an orb of fire
 59513 | Zot:5    | Killed an orb of fire
 59523 | Zot:5    | Killed an orb of fire
 59528 | Zot:5    | Killed an orb of fire
 59536 | Zot:5    | Noticed a dread lich
 59540 | Zot:5    | Killed a dread lich
 59541 | Zot:5    | Reached skill level 15 in Dodging
 60322 | Slime:1  | Entered Level 1 of the Pits of Slime
 60336 | Slime:1  | Gained mutation: Your magical capacity is very low. (-20%
                  | MP) [a shining eye]
 60338 | Slime:1  | Gained mutation: You occasionally shout uncontrollably at
                  | your foes. [a shining eye]
 60983 | Slime:1  | Reached XP level 27. HP: 266/266 MP: 28/28
 62493 | Slime:5  | Entered Level 5 of the Pits of Slime
 62642 | Slime:5  | Noticed the Royal Jelly
 62651 | Slime:5  | Killed the Royal Jelly
 62872 | Slime:5  | Gained mutation: Your body sometimes deteriorates upon
                  | taking damage. [a shining eye]
 62874 | Slime:5  | Lost mutation: You are strong-willed. (Will+) [potion of
                  | mutation]
 62874 | Slime:5  | Lost mutation: Your magical capacity is very low. (-20% MP)
                  | [potion of mutation]
 62874 | Slime:5  | Lost mutation: Your magical capacity is low. (-10% MP)
                  | [potion of mutation]
 62875 | Slime:5  | Lost mutation: You occasionally shout uncontrollably at
                  | your foes. [potion of mutation]
 62875 | Slime:5  | Lost mutation: You are somewhat resistant to further
                  | mutation. [potion of mutation]
 62875 | Slime:5  | Gained mutation: You do not regenerate when monsters are
                  | visible. [potion of mutation]
 62875 | Slime:5  | Lost mutation: You are partially covered in iridescent
                  | scales. (AC +2) [potion of mutation]
 62875 | Slime:5  | Gained mutation: You possess an exceptional clarity of
                  | mind. [potion of mutation]
 62876 | Slime:5  | Lost mutation: You do not regenerate when monsters are
                  | visible. [potion of mutation]
 62876 | Slime:5  | Lost mutation: You possess an exceptional clarity of mind.
                  | [potion of mutation]
 62876 | Slime:5  | Gained mutation: You are strong-willed. (Will+) [potion of
                  | mutation]
 62876 | Slime:5  | Gained mutation: You passively map a small area around you.
                  | [potion of mutation]
 62877 | Slime:5  | Lost mutation: You are strong-willed. (Will+) [potion of
                  | mutation]
 62877 | Slime:5  | Lost mutation: You passively map a small area around you.
                  | [potion of mutation]
 62877 | Slime:5  | Gained mutation: You are robust. (+10% HP) [potion of
                  | mutation]
 62877 | Slime:5  | Gained mutation: You sometimes lose your temper in combat.
                  | [potion of mutation]
 62877 | Slime:5  | Gained mutation: Your spells are a little easier to cast,
                  | but a little less powerful. [potion of mutation]
 62877 | Slime:5  | Gained mutation: Your system is resistant to poisons.
                  | (rPois) [potion of mutation]
 62921 | Slime:5  | Identified the +1 buckler of Ghostly Satisfaction {rPois
                  | rF+}
 63026 | Slime:5  | Identified the +6 plate armour of the Hall of Blades {rElec
                  | rCorr Dex+2}
 63038 | Slime:5  | Identified the +7 orcbow "Qasi" {heavy, rPois rF- Int-3
                  | Stlth+}
 63104 | Slime:5  | Got a slimy rune of Zot
 63227 | Slime:5  | Identified the ring "Omneky" {Ice rN+ SInv}
 63253 | Slime:5  | Lost mutation: Your system is resistant to poisons. (rPois)
                  | [potion of mutation]
 63253 | Slime:5  | Lost mutation: Your spells are a little easier to cast, but
                  | a little less powerful. [potion of mutation]
 63253 | Slime:5  | Gained mutation: Your spells are a little harder to cast,
                  | but a little more powerful. [potion of mutation]
 63253 | Slime:5  | Gained mutation: You are partially covered in iridescent
                  | scales. (AC +2) [potion of mutation]
 63253 | Slime:5  | Gained mutation: You are strong-willed. (Will+) [potion of
                  | mutation]
 63253 | Slime:5  | Gained mutation: You have large cloven feet. [potion of
                  | mutation]
 63254 | Slime:5  | Lost mutation: You sometimes lose your temper in combat.
                  | [potion of mutation]
 63254 | Slime:5  | Lost mutation: You sometimes lose the ability to read
                  | scrolls when taking damage. [potion of mutation]
 63254 | Slime:5  | Lost mutation: You occasionally lose the ability to read
                  | scrolls when taking damage. [potion of mutation]
 63254 | Slime:5  | Gained mutation: Your flesh is cold resistant. (rC+)
                  | [potion of mutation]
 63254 | Slime:5  | Gained mutation: You are occasionally teleported next to
                  | monsters. [potion of mutation]
 63254 | Slime:5  | Gained mutation: You have a pair of large horns on your
                  | head. [potion of mutation]
 63398 | Slime:5  | Lost mutation: You are partially covered in iridescent
                  | scales. (AC +2) [potion of mutation]
 63398 | Slime:5  | Lost mutation: You are strong-willed. (Will+) [potion of
                  | mutation]
 63398 | Slime:5  | Lost mutation: Your flesh is cold resistant. (rC+) [potion
                  | of mutation]
 63398 | Slime:5  | Lost mutation: Your spells are a little harder to cast, but
                  | a little more powerful. [potion of mutation]
 63398 | Slime:5  | Gained mutation: You are partially covered in iridescent
                  | scales. (AC +2) [potion of mutation]
 63399 | Slime:5  | Lost mutation: You are partially covered in iridescent
                  | scales. (AC +2) [potion of mutation]
 63399 | Slime:5  | Lost mutation: Your body sometimes deteriorates upon taking
                  | damage. [potion of mutation]
 63399 | Slime:5  | Gained mutation: You are very robust. (+20% HP) [potion of
                  | mutation]
 64229 | Geh:1    | Entered Level 1 of Gehenna
 64517 | Geh:2    | Reached skill level 26 in Fighting
 66530 | Geh:7    | Entered Level 7 of Gehenna
 67433 | Geh:7    | Got Sif Muna's Atlas of the Entourage
 67838 | Geh:7    | Found the +13 sceptre of Asmodeus
 67838 | Geh:7    | Noticed Asmodeus
 67866 | Geh:7    | Killed Asmodeus
 67874 | Geh:7    | Got an obsidian rune of Zot
 68445 | Coc:1    | Entered Level 1 of Cocytus
 68814 | Coc:2    | Noticed a dread lich
 68814 | Coc:2    | Noticed an ancient lich
 68814 | Coc:2    | Noticed a dread lich
 69153 | Crypt:1  | Entered Level 1 of the Crypt
 70640 | Coc:2    | Killed a dread lich
 70642 | Coc:2    | Killed a dread lich
 70645 | Coc:2    | Killed an ancient lich
 70745 | Coc:2    | Paralysed by a wendigo for 1 turns
 71073 | Coc:3    | Gained mutation: You are often teleported next to monsters.
                  | [mutagenic glow]
 71092 | Coc:3    | Gained mutation: Armour fits poorly on your strangely
                  | shaped body. [mutagenic glow]
 71107 | Coc:3    | Lost mutation: Armour fits poorly on your strangely shaped
                  | body. [mutagenic glow]
 71222 | Coc:4    | Noticed a dread lich
 71225 | Coc:4    | Paralysed by a dread lich for 2 turns
 71231 | Coc:4    | Killed a dread lich
 71586 | Coc:5    | Reached skill level 27 in Fighting
 71878 | Coc:6    | Paralysed by a wendigo for 1 turns
 72087 | Coc:7    | Entered Level 7 of Cocytus
 72165 | Coc:7    | Paralysed by a wendigo for 1 turns
 72183 | Coc:7    | Paralysed by a wendigo for 1 turns
 72491 | Coc:7    | Paralysed by a wendigo for 1 turns
 72503 | Coc:7    | Paralysed by a wendigo for 1 turns
 72556 | Coc:7    | Paralysed by a wendigo for 1 turns
 72876 | Coc:7    | Noticed a dread lich
 72886 | Coc:7    | Killed a dread lich
 73580 | Coc:7    | Identified the ring of Vuvuh {rN++ Dex+6}
 73580 | Coc:7    | Noticed Antaeus
 73618 | Coc:7    | Killed Antaeus
 73872 | Coc:7    | Got an icy rune of Zot
 73910 | Coc:7    | Identified the +0 cloak of Acro {rElec rC+ Dex+4 Stlth-}
 74357 | Tar:1    | Entered Level 1 of Tartarus
 74689 | Tar:2    | HP: 21/490 [bone dragon[a doom hound] (9)]
 74689 | Tar:2    | HP: 10/490 [bone dragon[a doom hound] (8)]
 74691 | Tar:2    | The Shining One protects you from harm!
 74691 | Tar:2    | HP: 1/490 [doom hound (15)]
 74692 | Tar:2    | Slain by a bone dragon

Illustrated notes

Levels and vault maps discovered:
D:1:      amcnicky_arrival_underground_garden, layout_rooms
D:2:      layout_basic, serial_shops, shop, columned_hall_lemuel
D:3:      layout_loops_ring
D:4:      layout_cave_pods, mainiacjoe_overflow_chevrons, uniq_blork_the_orc
D:5:      layout_loops_cross, grunt_ministairs_2
D:6:      layout_cave_pools, trog_butcher_becter,
          mainiacjoe_overflow_six_doors_small, minitemple, nicolae_water_bricks,
          kennysheep_small_spiral, minivault_22, minmay_misc_feat_tiny,
          dk_noncrumbling_2, grunt_decor_fettered,
          chequers_serial_rivers_micro_a, corexii_item_surrounded_by_moat,
          uniq_pikel, uniq_eustachio, uniq_jeremiah, uniq_sigmund
D:7:      layout_loops_corners, minmay_temple_entry_wispy, minmay_the_grid_2x2
          [minmay_the_grid_stretched_grid, minmay_the_grid_tree,
          minmay_the_grid_spikes, minmay_the_grid_prize_four_corners]
D:8:      layout_basic, nicolae_kikubaaqudgha_miasma_corner, grunt_ministairs_3,
          pf_guarded_unrand_woodcutter
D:9:      lemuel_ice_spiral_2, layout_basic, enter_bailey_8,
          minmay_hollow_rounded_squares, uniq_psyche, uniq_grum, uniq_maurice,
          uniq_erolcha
D:10:     layout_loops_ring, ebering_ghost_rock_garden, nicolae_shop_vocational
D:11:     layout_cave_pools, erik_lair_orcish_takeover, grunt_ministairs_11
D:12:     layout_roguey
D:13:     minmay_outward_triangles, layout_loops_ring, david_vaults_1
D:14:     layout_roguey, fountainhead
D:15:     hellmonk_depths_entry_around_the_bend, layout_cross,
          nicolae_uskayaw_dance_hall
Lair:1:   layout_loops_ring, grunt_megastairs_5, lemuel_fruit_fields,
          serial_bayou_shore_a, lemuel_fruit_tree, lemuel_fruit_fields
Lair:2:   wad_woods_tower, layout_regular_city, spider_nest_entry_webs,
          uniq_sonja
Lair:3:   layout_roguey, nicolae_swamp_entry_splash_gauntlet,
          pdpol_lair_cabin_in_the_woods, uniq_snorg
Lair:4:   layout_regular_city, slime_entry_1
Lair:5:   hellmonk_lair_end_abyssal_woods, layout_regular_city,
          grunt_megastairs_3
Swamp:1:  layout_falls_marsh, evilmike_swamp_ruin_house_6
Swamp:2:  layout_basic_swamp, nicolae_swamp_trees_clearing,
          nicolae_swamp_tree_isthmus
Swamp:3:  layout_basic_swamp, nicolae_swamp_long_stream,
          nicolae_swamp_decorative_isthmus
Swamp:4:  swamp_alternative, layout_basic_swamp, swamp_pool_5
Spider:1: layout_spider_delve, beargit_elvish_explorers
Spider:2: nicolae_spider_mines_3, uniq_donald
Spider:3: layout_spider_delve
Spider:4: johnstein_spider_rune_arachne_lair, uniq_agnes
Slime:1:  layout_caves
Slime:2:  layout_caves, cheibrodos_slime_lost_civilization_5
Slime:3:  layout_caves
Slime:4:  layout_caves
Slime:5:  slime_pit_nicolae_inversion
Orc:1:    layout_caves, basic_altar, serial_shops, nicolae_diamond_shop
Orc:2:    kennysheep_orc_mage_school, layout_diamond_mine, serial_shops,
          nicolae_shop_temple_entry_statues_fountains
Elf:1:    minmay_elf_arrival_circle, layout_geoelf_grid, serial_sigils,
          serial_sigils_hangedman_leer, serial_sigils_hangedman_confine,
          serial_sigils_hangedman_clutch, serial_sigils_hangedman_snap,
          serial_sigils_hangedman_quiver, kennysheep_underground_church
Elf:2:    nicolae_elf_blades_crystal_corner, layout_geoelf_octagon,
          dilly_guarded_unrand_elemental_staff, uniq_azrael
Elf:3:    grunt_elf_hall_spiral, layout_gridlike, basic_altar, serial_shops,
          nicolae_book_shop_shelving, shop, shop, shop, shop, uniq_norris
Vaults:1: nicolae_vaults_apartment_2, nicolae_vaults_sesquioval_fish, v_misc_1,
          nicolae_vaults_tangram_1, v_misc_25, nicolae_vaults_heist,
          nicolae_vaults_double_plus_2, nicolae_vaults_sesquioval_fish,
          nicolae_vaults_security_offices_1, layout_vaults_omnigrid,
          serial_shops, shop, uniq_boris, uniq_nikola
Vaults:2: vaults_dpeg_encased_lava, nicolae_vaults_steering_wheel, v_rooms_1,
          dpeg_vaults_monster_box, nicolae_vaults_ninety_degrees, v_misc_16,
          nicolae_vaults_trapezoid_3, nicolae_vaults_windows_and_doors_thing,
          vaults_room_door_hall, nicolae_vaults_storage_room_water,
          layout_vaults_big_room
Vaults:3: mu_enter_wizlab_3, vaults_mumra_bighexcomb, nicolae_vaults_two_Ls,
          ontoclasm_vaults_twist, v_rooms_5, v_misc_24, vaults_room_grid,
          nicolae_vaults_bisected_inception, v_alt_pattern_2, v_misc_22,
          vaults_dpeg_doors, ontoclasm_vaults_ring_small, layout_vaults_ring
Vaults:4: v_misc_14, v_pattern_3, hangedman_vaults_pinch, nicolae_vaults_two_Ls,
          nicolae_vaults_mitosis, ontoclasm_vaults_gallery,
          vaults_room_ringed_pool, grunt_vaults_funnel, v_misc_27,
          vaults_room_stairs_pillars, ontoclasm_vaults_loading_screen,
          nicolae_vaults_tetromino_Z_1, layout_vaults_omnicross, serial_shops,
          shop
Vaults:5: uniq_xtahua
Crypt:1:  layout_regular_city, moated_statue
Crypt:2:  layout_misc_corridors, nicolae_crypt_paired_memorials, uniq_zenata,
          uniq_sojobo
Depths:1: layout_forbidden_donut, abyss_entry_crystal, hell_entry,
          nicolae_trove_entry_crystal, serial_shops, bzr_entry_water,
          nicolae_shop_statue_plus, minmay_misc_feat_x, grunt_qazlal_sundering
Depths:2: minmay_curly_fans, layout_cave_pools, nicolae_ru_path_of_blood,
          grunt_mini_vestibule, special_room [special_room_magic_class],
          ploomutoo_gammafunk_ghost_potion_laboratory, rand_demon_pan_entry_1,
          uniq_josephina
Depths:3: wad_pebble_path, layout_gridville, enter_ziggurat_c,
          grunt_pan_entry_in_and_out, regret_index_abyss_entry_earlier_magic,
          minmay_misc_feat_encased, hell_entry, minmay_crystal_room,
          st_stairs_3, minmay_misc_feat_roman, infiniplex_staircase_zigzag_5
Depths:4: grunt_zot_entry_hairpin, layout_basic, wad_floor_pattern_untrapped,
          serial_shops, bzr_entry_gold, shop, shop, hell_entry,
          minmay_shop_star, serial_bayou_shore_b, uniq_margery
Hell
Geh:1:    layout_gehenna_lava_caves
Geh:2:    layout_gehenna_lava_caves
Geh:3:    layout_gehenna_pools_box
Geh:4:    layout_gehenna_lava_caves
Geh:5:    layout_gehenna_lava_caves
Geh:6:    layout_gehenna_pools_triple, gehenna_fire_generator
Geh:7:    geh_grunt_pentagon
Coc:1:    layout_cocytus_delve
Coc:2:    layout_ice_bergs, nicolae_coc_liches_on_tour
Coc:3:    layout_cocytus_delve
Coc:4:    layout_ice_bergs, serial_ice, serial_ice_m, serial_ice_a
Coc:5:    layout_cocytus_water_paths
Coc:6:    layout_cocytus_water_paths
Coc:7:    coc_grunt_cove [coc_grunt_cove_antaeus, coc_grunt_cove_fiend,
          coc_grunt_cove_fiend, coc_grunt_cove_fiend, coc_grunt_cove_fiend]
Tar:1:    layout_honeycomb
Tar:2:    layout_grid_maze
Zot:1:    dreamdust_black_sun_cult, layout_twisted_circle
Zot:2:    layout_onion
Zot:3:    gammafunk_sealed_arena, layout_misc_corridors,
          regret_index_zotdec_decaying_basic
Zot:4:    nicolae_moth_party, layout_onion,
          regret_index_zotdec_barnacled_simple, grunt_megastairs_2
Zot:5:    layout_misc_corridors

Skill      XL: |  1  2  3  4  5  6  7  8  9 10 11 12 13 14 15 16 17 18 19 20 21 22 23 24 25 26 27 |
---------------+----------------------------------------------------------------------------------+-----
Fighting       | 4 5 6 7 8 9 10 12 14 16 17 18 19 20 21 22 23 24 25 27 | 27.0
Axes           | 4 5 6 7 9 10 11 12 13 14 15 16 17 18 19 20 21 22 23 26 | 26.1
Dodging        | 4 5 6 7 9 10 11 12 13 15 | 15.1
Shields        | 1 2 4 5 7 9 10 11 12 13 14 15 16 17 18 19 20 21 22 25 | 25.1
Armour         | 1 3 5 7 9 10 12 13 14 15 16 17 18 19 20 21 22 25 | 25.2
Invocations    | 2 4 6 7 9 10 11 12 13 14 15 16 17 18 19 21 | 21.3
Throwing       | 3 5 7 8 9 10 11 12 13 14 15 16 17 19 | 19.9
Evocations     | 2 4 6 7 8 9 10 11 12 13 14 15 18 | 18.0

Action                     |  1- 3 |  4- 6 |  7- 9 | 10-12 | 13-15 | 16-18 | 19-21 | 22-24 | 25-27 || total
---------------------------+-------+-------+-------+-------+-------+-------+-------+-------+-------++-------
  Melee: Hand axe          |    71 |    49 |       |       |       |       |    29 |       |       ||   149
         Headbutt          |    15 |    20 |    33 |   114 |   203 |   331 |   395 |   578 |   885 ||  2574
         Broad axe         |       |    66 |   123 |   442 |   654 |   793 |  1072 |  1356 |  2105 ||  6611
         War axe           |       |       |       |     3 |    85 |   154 |       |    13 |       ||   255
  Throw: Throwing net      |       |     1 |     1 |       |       |       |       |       |       ||     2
         Dart              |       |       |     2 |    24 |       |     1 |       |       |     5 ||    32
         Boomerang         |       |       |       |       |       |     6 |     6 |       |   157 ||   169
         Javelin           |       |       |       |       |       |       |       |     2 |    27 ||    29
 Invoke: Divine Shield     |       |       |     1 |     2 |       |     2 |     5 |       |     3 ||    13
         Summon Divine War |       |       |       |     1 |     3 |     7 |    10 |    17 |    37 ||    75
         Cleansing Flame   |       |       |       |       |       |     3 |     8 |    23 |    25 ||    59
         Brand Weapon With |       |       |       |       |       |       |       |     1 |       ||     1
  Evoke: Wand              |       |       |       |     1 |       |     1 |     1 |     2 |    48 ||    53
         Phantom mirror    |       |       |       |       |       |       |       |       |     1 ||     1
    Use: Scroll            |       |     5 |     3 |    23 |    13 |     6 |     3 |     2 |    17 ||    72
         Potion            |       |       |       |     1 |     1 |     1 |     7 |     1 |    18 ||    29
 Armour: Robe              |    48 |       |       |       |       |       |       |       |       ||    48
         Scale mail        |       |    76 |    84 |    52 |   224 |   374 |   255 |       |       ||  1065
         Leather armour    |       |     4 |       |       |       |       |       |       |       ||     4
         Plate armour      |       |       |       |   236 |       |       |   185 |   643 |   718 ||  1782
         Gold dragon scale |       |       |       |       |       |       |       |       |   476 ||   476
         Skin              |       |       |       |       |       |       |       |       |    64 ||    64
  Dodge: Dodged            |    47 |    50 |    47 |    99 |   181 |   290 |   322 |   398 |   564 ||  1998
  Block: Buckler           |       |     7 |    29 |    87 |       |       |       |       |       ||   123
         Tower shield      |       |       |       |   245 |   906 |  1450 |  1546 |  1946 |  2511 ||  8604
         Reflection        |       |       |       |       |    22 |    44 |   156 |    37 |    88 ||   347

Table legend: (Time is in decaauts)
 A = Elapsed time spent in this place.
 B = Non-inter-level travel time spent in this place.
 C = Inter-level travel time spent in this place.
 D = Time resting spent in this place.
 E = Time spent auto-exploring this place.
 F = Levels seen in this place.
 G = Mean time per level.
                   A        B        C        D        E       F      G
               +--------+--------+--------+--------+--------+-----+--------+
         Total |  73921 |  67204 |   6717 |  20543 |  31997 |  79 |  935.7 |
       Dungeon |  13992 |  12453 |   1539 |   2213 |   7702 |  15 |  932.8 |
          Lair |   5676 |   4935 |    741 |    812 |   3237 |   5 | 1135.2 |
         Swamp |   3581 |   3412 |    169 |   1218 |   1512 |   4 |  895.2 |
   Spider Nest |   5247 |   4933 |    314 |   1734 |   2123 |   4 | 1311.8 |
    Slime Pits |   3574 |   3340 |    234 |   1279 |   1430 |   5 |  714.8 |
  Orcish Mines |   1326 |   1201 |    125 |    133 |    725 |   2 |  663.0 |
   Elven Halls |   4429 |   4229 |    200 |   1203 |   2149 |   3 | 1476.3 |
        Vaults |   7695 |   7219 |    476 |   2053 |   3614 |   5 | 1539.0 |
         Crypt |    791 |    742 |     49 |      0 |    533 |   2 |  395.5 |
        Depths |   6511 |   5544 |    967 |   2320 |   2204 |   4 | 1627.8 |
          Hell |   1344 |    925 |    419 |    481 |    241 |   1 | 1344.0 |
       Gehenna |   3985 |   3680 |    305 |   1178 |   1517 |   7 |  569.3 |
       Cocytus |   4023 |   3536 |    487 |   1152 |   1377 |   7 |  574.7 |
      Tartarus |    333 |    321 |     12 |     15 |    223 |   2 |  166.5 |
           Zot |   8797 |   8123 |    674 |   3842 |   2625 |   5 | 1759.4 |
         Abyss |    862 |    862 |      0 |    279 |    294 |   4 |  215.5 |
        Bazaar |    224 |    224 |      0 |      0 |    109 |   2 |  112.0 |
        Bailey |    641 |    641 |      0 |    290 |    119 |   1 |  641.0 |
        Wizlab |    881 |    881 |      0 |    340 |    262 |   1 |  881.0 |
               +--------+--------+--------+--------+--------+-----+--------+

Top non-repeatable levels by time:
   Zot:5: 3018 daAuts
Depths:2: 2782 daAuts
Vaults:5: 2327 daAuts
   Zot:1: 2182 daAuts
   Coc:7: 2141 daAuts
Spider:4: 2078 daAuts
   Elf:3: 1984 daAuts
     D:7: 1943 daAuts
   Zot:3: 1753 daAuts
   Geh:7: 1746 daAuts
     D:6: 1679 daAuts
Vaults:4: 1678 daAuts
   Elf:2: 1545 daAuts
 Swamp:3: 1510 daAuts
Depths:1: 1487 daAuts
